 Dungeon Crawl Stone Soup version 0.30-a0-782-ge64f9170bb (webtiles) character file.

Game seed: 3314551339471908955

1131 MacCMillion the Skirmisher (level 8, 0/37 HPs)
             Began as a Spriggan Hunter on Mar 2, 2023.
             Was a Follower of Dithmenos.
             Killed from afar by Dowan (20 damage)
             ... with a shard of ice
             ... on level 5 of the Dungeon.
             The game lasted 00:18:49 (6865 turns).

MacCMillion the Skirmisher (Spriggan Hunter)        Turns: 6865, Time: 00:18:49

Health: 0/37       AC:  2    Str:  7    XL:     8   Next: 13%
Magic:  9/9        EV: 18    Int: 10    God:    Dithmenos [*.....]
Gold:   341        SH:  0    Dex: 21    Spells: 7/7 levels left

rFire   . . .      SeeInvis +    a - +0 shortbow
rCold   . . .      Faith    .    (shield currently unavailable)
rNeg    . . .      Spirit   .    c - +0 robe
rPois   .          Reflect  .    (helmet restricted)
rElec   .          Harm     .    (no cloak)
rCorr   .          Rampage  .    (gloves unavailable)
Will    +....                    (boots unavailable)
Stlth   ++++                     (no amulet)
HPRegen 0.26/turn                (no ring)
MPRegen 0.11/turn                (no ring)

@: wreathed by umbra, very quick
A: very small, no large weapons, unfitting armour, see invisible, speed 3
a: Renounce Religion


You were on level 5 of the Dungeon.
You worshipped Dithmenos.
Dithmenos was aware of your devotion.
You visited 2 branches of the dungeon, and saw 6 of its levels.
You also visited: Ossuary.

You collected 341 gold pieces.

Inventory:

Hand Weapons
 a - a +0 shortbow (weapon)
Armour
 c - a +0 robe (worn)
Wands
 t - a wand of mindburst (10)
Scrolls
 b - 2 scrolls of immolation
 e - 4 scrolls of identify
 f - a scroll of vulnerability
 h - 2 scrolls of amnesia {unknown}
 i - a scroll of magic mapping {unknown}
 n - a scroll of fog {unknown}
 o - a scroll of enchant weapon {unknown}
Potions
 d - 2 potions of might {unknown}
 g - 2 potions of experience
 j - 5 potions of heal wounds
 k - a potion of attraction {unknown}
 l - 2 potions of haste
 m - 2 potions of invisibility
 p - a potion of flight {unknown}
 q - a potion of brilliance {unknown}
 r - a potion of lignification {unknown}
 s - a potion of curing {unknown}


   Skills:
 - Level 1.5 Fighting
 + Level 10.2 Ranged Weapons
 - Level 2.6 Dodging
 - Level 4.0 Stealth


You had 7 spell levels left.
You didn't know any spells.
Your spell library contained the following spells:

 Spells                   Type           Power      Damage    Failure   Level
 Freeze                   Ice            0%         1d3       36%         1
 Frozen Ramparts          Ice            0%         1d1       75%         3
 Hailstorm                Conj/Ice       0%         3d3       75%         3


Dungeon Overview and Level Annotations

Branches:
Dungeon (5/15)             Temple (1/1) D:4         Ossuary (visited)

Altars:
Ashenzari
Cheibriados
Dithmenos
Elyvilon
Gozag
Hepliaklqana
Kikubaaqudgha
Nemelex Xobeh
Sif Muna
Wu Jian

Annotations:
D:5 Dowan


Innate Abilities, Weirdness & Mutations

You are very small and have problems with some larger weapons.
You are too small for most types of armour.
You have supernaturally acute eyesight. (SInv)
You cover ground extremely quickly. (Speed+++)


Message History

There is an open door here.
There is an open door here.
There is an open door here.
There is an open door here.
There is an open door here.
You shoot an arrow. The arrow hits the wight.
The wight is lightly damaged.
The wight unwields a +5 halberd.
The wight wields a +0 sling.
The wight shoots a sling bullet.
The sling bullet hits you.
You shoot an arrow.
The arrow hits the wight but does no damage.
The wight is lightly damaged.
You shoot an arrow.
The arrow hits the wight but does no damage.
The wight is lightly damaged.
You shoot an arrow. The arrow hits the wight.
The wight is heavily damaged.
No target in view!
There is an open door here.
The wight shoots a sling bullet.
The sling bullet completely misses you.
There is an open door here.
There is an open door here.
There is an open door here.
Dowan seems to find hidden reserves of power!
Dowan is nearby!
You shoot an arrow.
Dowan shouts!
The arrow hits Dowan.
Dowan is moderately wounded.
Dowan gestures wildly while chanting.
Dowan blinks!
Dowan hits you with a +0 dagger.
Dowan points at you and mumbles some strange words.
The stone arrow hits you!
You shoot an arrow. The arrow barely misses Dowan.
Dowan breathes, "And she was my only..."
Dowan casts a spell at you. The shard of ice hits you!!
Ouch! That really hurt!
You die...

#.........#.....#..........
#.........##..###..........
......####....####
#########+# ..... #....#
#... .... #....# #.... ...
#....# #.... .. #..e.#
#.... . #....# #....
#...@###### #####
###.......# #.. #.).....#
#.. #.......# #.. #.......#
#.. #########
#......)#########.)
#.......#
##................#
#.......#
#................#
#.......#
#................#


You could see Dowan (fast).

Vanquished Creatures
  Duvessa (D:5)
  A black bear (D:5)
  2 ogres (D:5)
  A phantom (D:5)
  2 scorpions (D:5)
  A necrophage (D:4)
  3 wights
  A howler monkey (D:5)
  2 jellies (D:5)
  An iguana (D:3)
  A mummy (Ossuary)
  7 adders
  A white imp (D:5)
  A worm (D:2)
  7 dart slugs
  7 orcs
  5 spectral bats (Ossuary)
  5 bats
  9 endoplasms
  A giant cockroach (D:3)
  10 goblins
  11 hobgoblins
  3 quokkas
  9 ball pythons
  6 bat simulacra (Ossuary)
  6 frilled lizards
  12 gnoll zombies (Ossuary)
  4 goblin simulacra (Ossuary)
  5 goblin zombies (Ossuary)
  4 hobgoblin zombies (Ossuary)
  6 kobolds
  2 kobold simulacra (Ossuary)
  6 kobold zombies (Ossuary)
  3 orc zombies (Ossuary)
  4 rats
  4 spectral goblins (Ossuary)
  2 spectral kobolds (Ossuary)
  2 spectral rats (Ossuary)
158 creatures vanquished.

Notes
Turn   | Place    | Note
-------+----------+-------------------------------------------
     0 | D:1      | MacCMillion the Spriggan Hunter began the quest for the
                  | Orb.
     0 | D:1      | Reached XP level 1. HP: 10/10 MP: 2/2
   265 | D:1      | Reached XP level 2. HP: 14/14 MP: 3/3
   690 | D:1      | Reached skill level 5 in Ranged Weapons
   705 | D:1      | Reached XP level 3. HP: 11/18 MP: 4/4
  1579 | D:2      | Reached XP level 4. HP: 18/22 MP: 5/5
  2287 | D:3      | Reached skill level 6 in Ranged Weapons
  2358 | D:3      | Reached XP level 5. HP: 25/25 MP: 6/6
  2580 | D:3      | Found a faded altar of an unknown god.
  2937 | D:4      | Found a staircase to the Ecumenical Temple.
  2943 | Temple   | Entered the Ecumenical Temple
  3033 | Temple   | Became a worshipper of Dithmenos the Shadowed
  3097 | D:4      | Found a sand-covered staircase.
  3169 | Ossuary  | Entered an ossuary
  3920 | Ossuary  | Reached * piety under Dithmenos
  5139 | D:4      | Reached skill level 7 in Ranged Weapons
  5139 | D:4      | Reached XP level 6. HP: 30/30 MP: 7/7
  5376 | D:5      | Entered Level 5 of the Dungeon
  5548 | D:5      | Found an ornate altar of the Wu Jian Council.
  5588 | D:5      | Found a broken altar of Ashenzari.
  5668 | D:5      | Reached skill level 8 in Ranged Weapons
  5702 | D:5      | Reached XP level 7. HP: 33/33 MP: 8/8
  5856 | D:5      | Reached skill level 9 in Ranged Weapons
  6192 | D:5      | Reached ** piety under Dithmenos
  6288 | D:5      | Reached XP level 8. HP: 37/37 MP: 9/9
  6303 | D:5      | Noticed Dowan
  6453 | D:5      | Noticed Duvessa
  6653 | D:5      | Killed Duvessa
  6654 | D:5      | Reached skill level 10 in Ranged Weapons
  6865 | D:5      | Killed from afar by Dowan

Illustrated notes

Levels and vault maps discovered:
D:1:      dpeg_arrival_tiny_a, layout_basic, minmay_misc_feat_room
D:2:      layout_loops_ring, nicolae_kite_square_tiling_tiny,
          kennysheep_nondescript
D:3:      layout_basic, chequers_ecumenical_altar_simple,
          kennysheep_cluttered_room, minivault_24
D:4:      layout_loops_corners, temple_green, enter_ossuary_3,
          chequers_serial_rivers_small_b, amcnicky_mini_rare_corridor_liquid
D:5:      layout_gridville, mainiacjoe_overflow_24_doors, kennysheep_mini_moat,
          uniq_duvessa
Temple:   nicolae_temple_colour_theory

Skill      XL: |  1  2  3  4  5  6  7  8 |
---------------+-------------------------+-----
Ranged Weapons | 5 6 7 8 9 10 | 10.2
Stealth        | 2 3 4 |  4.0
Fighting       | |  1.5
Dodging        | |  2.6

Action                     |  1- 3 |  4- 6 |  7- 9 || total
---------------------------+-------+-------+-------++-------
   Fire: Shortbow          |    96 |   297 |    88 ||   481
    Use: Scroll            |       |     5 |       ||     5
 Armour: Robe              |     1 |    12 |       ||    13
  Dodge: Dodged            |    15 |    57 |     3 ||    75

Table legend: (Time is in decaauts)
 A = Elapsed time spent in this place.
 B = Non-inter-level travel time spent in this place.
 C = Inter-level travel time spent in this place.
 D = Time resting spent in this place.
 E = Time spent auto-exploring this place.
 F = Levels seen in this place.
 G = Mean time per level.
                   A        B        C        D        E       F      G
               +--------+--------+--------+--------+--------+-----+--------+
         Total |   5109 |   4947 |    162 |   1406 |   2124 |   7 |  729.9 |
       Dungeon |   3714 |   3568 |    146 |    586 |   2032 |   5 |  742.8 |
        Temple |     64 |     48 |     16 |      0 |     38 |   1 |   64.0 |
       Ossuary |   1331 |   1331 |      0 |    819 |     53 |   1 | 1331.0 |
               +--------+--------+--------+--------+--------+-----+--------+

Top non-repeatable levels by time:
 Ossuary: 1331 daAuts
     D:5: 921 daAuts
     D:4: 779 daAuts
     D:1: 750 daAuts
     D:2: 720 daAuts
     D:3: 542 daAuts
  Temple: 64 daAuts
